 Dungeon Crawl Stone Soup version 0.28-a0-1447-ga5a8893891 (webtiles) character file.

Game seed: 10530205703980180283

58 bande the Covered (level 4, -2/29 HPs)
             Began as a Gargoyle Fighter on Jan 11, 2022.
             Slain by Crazy Yiuf (3 damage)
             ... on level 2 of the Dungeon.
             The game lasted 00:02:47 (1895 turns).

bande the Covered (Gargoyle Fighter)                Turns: 1895, Time: 00:02:49

Health: -2/29      AC: 10    Str: 19    XL:     4   Next: 1%
Magic:  4/4        EV:  9    Int:  9    God:
Gold:   82         SH:  4    Dex: 11    Spells: 3/3 levels left

rFire   . . .      SeeInvis .   a - +0 war axe
rCold   . . .      Faith    .   c - +0 buckler
rNeg    + . .      Spirit   .   b - +0 scale mail
rPois   ∞          Reflect  .   (no helmet)
rElec   +          Harm     .   (no cloak)
rCorr   .          Rampage  .   (no gloves)
Will    .....                   (no boots)
Stlth   ..........              (no amulet)
HPRegen 0.09/turn               (no ring)
MPRegen 0.09/turn               (no ring)

@: no status effects
A: sickness immunity, AC +3, negative energy resistance 1, electricity
resistance, torment resistance 1, petrification resistance
a: no special abilities


You were on level 2 of the Dungeon.
You visited 1 branch of the dungeon, and saw 2 of its levels.

You collected 82 gold pieces.

Inventory:

Hand Weapons
 a - a +0 war axe (weapon)
Armour
 b - a +0 scale mail (worn)
 c - a +0 buckler (worn)
Jewellery
 f - a +6 ring of strength
Scrolls
 j - a scroll of vulnerability {unknown}
Potions
 d - 2 potions of might
 e - a potion of berserk rage
 g - 3 potions of attraction {unknown}
 h - a potion of lignification {unknown}
 i - a potion of cancellation {unknown}


   Skills:
 + Level 3.8 Fighting
 + Level 2.5 Axes
 + Level 3.9 Armour
 + Level 3.6 Shields


You had 3 spell levels left.
You didn't know any spells.
Your spell library was empty.

Dungeon Overview and Level Annotations

Branches:
Dungeon (2/15)

Altars:

Annotations:
D:2 Crazy Yiuf


Innate Abilities, Weirdness & Mutations

You are immune to sickness and miasma.
Your stone body is resilient. (AC +3)
You are immune to poison.
You resist negative energy. (rN+)
You are resistant to electric shocks. (rElec)
You are resistant to unholy torment.
You are immune to petrification.


Message History

You see here 5 silver javelins.
Found a stone staircase leading down.
Found a stone staircase leading up.
A rat comes into view.
A rat is nearby!
You hit the rat but do no damage. The rat bites you but does no damage.
You hit the rat but do no damage. The rat bites you but does no damage.
The rat bites you.
You closely miss the rat. You block the rat's attack.
You hit the rat.
You kill the rat!
You see here a rat corpse.
You see here a rat corpse.
There is a stone staircase leading up here.
There is a stone staircase leading down here.
Found an escape hatch in the ceiling.
There is an escape hatch in the ceiling here.
You now have 82 gold pieces (gained 9).
There is an escape hatch in the ceiling here.
Things that are here:
a +0 short sword; 4 stones No target in view!
Found a mace.
Found a runed translucent door.
Crazy Yiuf cries, "Blight aubergine hand!"
Crazy Yiuf screams, "Goober arga sing-song!"
You see here a +0 leather armour.
Crazy Yiuf shouts!
No reachable target in view!
You open the door.
Crazy Yiuf drinks a potion.
Crazy Yiuf seems to speed up.
You block Crazy Yiuf's attack.
Crazy Yiuf hits you with a +4 quarterstaff of chaos.
You resist with some effort.
There is an open translucent door here.
You hit Crazy Yiuf but do no damage.
Crazy Yiuf hits you with a +4 quarterstaff of chaos!
Crazy Yiuf freezes you.
Crazy Yiuf hits you with a +4 quarterstaff of chaos!
* * * LOW HITPOINT WARNING * * *
Crazy Yiuf freezes you.
You die...

#.# #. #.#
## #.# #.#
##### #.#
#..)#
#####.######
#...#
#.........##
#.g.#
#####.###.##
#@# #.....#
#.## ♣♣.♣
####### #.##
♣.♣♣ #.##
♣♣.♣ #.##
♣.♣♣
#########.##
♣♣.♣♣
#.........##
♣...♣♣
############
♣....♣
########## #
#....#
#........###


You could see Crazy Yiuf (fast).

Vanquished Creatures
  An adder (D:2)
  8 endoplasms
  2 giant cockroaches (D:1)
  2 goblins (D:1)
  4 hobgoblins
  6 jackals (D:1)
  A ball python (D:2)
  8 bats
  2 frilled lizards
  5 kobolds
  6 rats
45 creatures vanquished.

Notes
Turn   | Place    | Note
-------+----------+-------------------------------------------
     0 | D:1      | bande the Gargoyle Fighter began the quest for the Orb.
     0 | D:1      | Reached XP level 1. HP: 14/14 MP: 1/1
   190 | D:1      | Reached XP level 2. HP: 14/19 MP: 2/2
   542 | D:1      | Reached XP level 3. HP: 24/24 MP: 3/3
  1048 | D:2      | Found a faded altar of an unknown god.
  1429 | D:2      | Reached XP level 4. HP: 29/29 MP: 4/4
  1707 | D:2      | Found a runed translucent door.
  1708 | D:2      | Noticed Crazy Yiuf
  1895 | D:2      | HP: 1/29 [Crazy Yiuf (8)]
  1895 | D:2      | Slain by Crazy Yiuf

Illustrated notes

Levels and vault maps discovered:
D:1:      amcnicky_arrival_flooded_fountain, layout_basic,
          hangedman_feature_mirror, chequers_mini_garden
D:2:      layout_loops_ring, shapermc_ecumenical_altar_petra,
          ebering_dispersal_statue_hall, uniq_crazy_yiuf_cottage

Skill      XL: |  1  2  3 |
---------------+----------+-----
Axes           | 2 |  2.5
Fighting       | |  3.8
Armour         | |  3.9
Shields        | |  3.6

Action                   |  1- 3 |  4- 6 || total
-------------------------+-------+-------++-------
Melee: War axe           |   106 |     5 ||   111
  Use: Scroll            |     4 |       ||     4
Armor: Scale mail        |    62 |     2 ||    64
Dodge: Dodged            |    52 |       ||    52
Block: Buckler           |    22 |     2 ||    24

Table legend: (Time is in decaauts)
 A = Elapsed time spent in this place.
 B = Non-inter-level travel time spent in this place.
 C = Inter-level travel time spent in this place.
 D = Time resting spent in this place.
 E = Time spent auto-exploring this place.
 F = Levels seen in this place.
 G = Mean time per level.
                   A        B        C        D        E       F      G
               +--------+--------+--------+--------+--------+-----+--------+
         Total |   1943 |   1916 |     27 |    264 |   1355 |   2 |  971.5 |
       Dungeon |   1943 |   1916 |     27 |    264 |   1355 |   2 |  971.5 |
               +--------+--------+--------+--------+--------+-----+--------+

Top non-repeatable levels by time:
     D:2: 996 daAuts
     D:1: 947 daAuts
